 Dungeon Crawl Stone Soup version 0.29-a0-23-ga79f92ac9c (webtiles) character file.

Game seed: 15317102895182095580

30 Nattfarinn the Conjurer (level 3, -1/16 HPs)
             Began as a Vine Stalker Conjurer on Jan 29, 2022.
             Slain by an adder (4 damage)
             ... on level 2 of the Dungeon.
             The game lasted 00:02:01 (1216 turns).

Nattfarinn the Conjurer (Vine Stalker Conjurer)     Turns: 1216, Time: 00:02:02

Health: -1/16      AC:  2    Str:  9    XL:     3   Next: 18%
Magic:  0/7        EV: 12    Int: 20    God:
Gold:   87         SH:  0    Dex: 12    Spells: 5/6 levels left

rFire   . . .      SeeInvis .   (no weapon)
rCold   . . .      Faith    .   (no shield)
rNeg    . . .      Spirit   +   a - +0 robe
rPois   .          Reflect  .   (no helmet)
rElec   .          Harm     .   c - scarf {+Inv}
rCorr   .          Rampage  .   (no gloves)
Will    .....                   (no boots)
Stlth   ++........              (no amulet)
HPRegen 0.05/turn               (no ring)
MPRegen 0.10/turn               (no ring)

@: lethally poisoned (-1 -> -2)
A: fangs 2, magic shield, antimagic bite, no potion heal 2
a: Evoke Invisibility


You were on level 2 of the Dungeon.
You visited 1 branch of the dungeon, and saw 2 of its levels.

You collected 87 gold pieces.

Inventory:

Hand Weapons
 b - a +0 dagger
Armour
 a - a +0 robe (worn)
 c - a scarf of invisibility (worn)
Scrolls
 d - a scroll of enchant armour {unknown}
 e - a scroll of identify {unknown}


   Skills:
 + Level 1.6 Short Blades
 - Level 1.8 Dodging
 - Level 2.7 Stealth
 - Level 2.3 Spellcasting
 - Level 4.1 Conjurations


You had 5 spell levels left.
You knew the following spells:

 Your Spells              Type           Power      Damage    Failure   Level
a - Magic Dart            Conj           72%        1d6       2%          1

Your spell library contained the following spells:

 Spells                   Type           Power      Damage    Failure   Level
 Searing Ray              Conj           36%        2d5       4%          2
 Dazzling Flash           Conj/Hex       20%        N/A       21%         3
 Fulminant Prism          Conj/Hex       5%         3d7       54%         4
 Iskenderun's Mystic Bla  Conj/Tloc      10%        2d4       54%         4


Dungeon Overview and Level Annotations

Branches:
Dungeon (2/15)

Altars:


Innate Abilities, Weirdness & Mutations

You have extremely sharp teeth.
When hurt, damage is shared between your health and your magic reserves.
Your bite disrupts and absorbs the magic of your enemies.
Potions cannot restore your health.


Message History

You are too injured to fight recklessly!
You are too injured to fight recklessly!
Unknown command.
You feel sick.
Really attack while wielding nothing? [Y]es or [N]o only, please.
Really attack while wielding nothing? [Y]es or [N]o only, please.
Really attack while wielding nothing?
Okay, then.
You are too injured to fight recklessly!
Unknown command.
Casting: Magic Dart (safe; 2% risk of failure)
Confirm with . or Enter, or press ? or * to list all spells.
Aiming: Magic Dart (safe; 2% risk of failure)
Press: ? - help, Shift-Dir - straight line, f/p - adder
Aim: an adder (severely wounded, 100% to hit)
The magic dart hits the adder.
The adder is almost dead.
You feel sick. The adder bites you but does no damage.
Casting: Magic Dart (safe; 2% risk of failure)
Confirm with . or Enter, or press ? or * to list all spells.
You don't have enough magic to cast this spell.
Casting: Magic Dart (safe; 2% risk of failure)
Confirm with . or Enter, or press ? or * to list all spells.
You don't have enough magic to cast this spell.
Unknown command.
Casting: Magic Dart (safe; 2% risk of failure)
Confirm with . or Enter, or press ? or * to list all spells.
You don't have enough magic to cast this spell.
Unknown command.
Really attack while wielding nothing?
You barely miss the adder.
The adder is almost dead.
You feel sick. The adder closely misses you. The adder bites you.
* * * LOW HITPOINT WARNING * * *
You miss the adder.
The adder is almost dead.
You feel sick. The adder bites you.
You die...

####. .# .# .....
.#..# ..... ##.#†.
##### ..... # ...#
#######. ...#
........#
#######...#
######..#
#....@S...# # #..#
#.#####.#.#
######..# #.# .#
........# #.# .#
#####...# #.# .#
.####...####.#####.#
...........).......#
###....#####..######
#.#.## #..#


You could see an adder.

Vanquished Creatures
  3 dart slugs (D:1)
  2 endoplasms
  3 hobgoblins (D:1)
  A quokka (D:1)
  3 ball pythons
  A bat (D:1)
  4 frilled lizards (D:1)
  2 goblins
  5 kobolds (D:1)
24 creatures vanquished.

Notes
Turn   | Place    | Note
-------+----------+-------------------------------------------
     0 | D:1      | Nattfarinn the Vine Stalker Conjurer began the quest for
                  | the Orb.
     0 | D:1      | Reached XP level 1. HP: 9/9 MP: 4/4
   320 | D:1      | Reached XP level 2. HP: 13/13 MP: 1/6
   658 | D:1      | Reached skill level 1 in Short Blades
   942 | D:1      | Reached XP level 3. HP: 16/16 MP: 5/7
  1216 | D:2      | Slain by an adder

Illustrated notes

Levels and vault maps discovered:
D:1:      heliophobic_arrival_ceremonial_halls, layout_loops_ring
D:2:      layout_loops_ring

Skill      XL: |  1  2 |
---------------+-------+-----
Short Blades   | 1 |  1.6
Dodging        | |  1.8
Stealth        | |  2.7
Spellcasting   | |  2.3
Conjurations   | |  4.1

Action                   || total
-------------------------++-------
Melee: Unarmed           ||    11
       Bite              ||     2
 Cast: Magic Dart        ||    44
Armor: Robe              ||     4
Dodge: Dodged            ||     9

Table legend: (Time is in decaauts)
 A = Elapsed time spent in this place.
 B = Non-inter-level travel time spent in this place.
 C = Inter-level travel time spent in this place.
 D = Time resting spent in this place.
 E = Time spent auto-exploring this place.
 F = Levels seen in this place.
 G = Mean time per level.
                   A        B        C        D        E       F      G
               +--------+--------+--------+--------+--------+-----+--------+
         Total |   1215 |   1184 |     31 |      0 |   1066 |   2 |  607.5 |
       Dungeon |   1215 |   1184 |     31 |      0 |   1066 |   2 |  607.5 |
               +--------+--------+--------+--------+--------+-----+--------+

Top non-repeatable levels by time:
     D:1: 1114 daAuts
     D:2: 101 daAuts
